 Dungeon Crawl Stone Soup version 0.28.0-43-g3370ac3207 (webtiles) character file.

Game seed: 17431416146735250274

5065 cbfl8 the Protected (level 10, -1/132 HPs)
             Began as a Minotaur Berserker on Mar 3, 2022.
             Was a High Priest of Trog.
             Succumbed to a cane toad's poison
             ... on level 8 of the Dungeon.
             The game lasted 00:23:17 (11423 turns).

cbfl8 the Protected (Minotaur Berserker)           Turns: 11423, Time: 00:23:18

Health: -1/132     AC: 15    Str: 25    XL:     10   Next: 31%
Magic:  9/9        EV: 12    Int:  7    God:    Trog [*****.]
Gold:   548        SH:  0    Dex: 11    Spells: 9/9 levels left

rFire   . . .      SeeInvis .   t - +0 spear of Wehidy {spect, rElec Will+ Int+3 Stlth+}
rCold   . . .      Faith    .   L - orb {*Rage}
rNeg    . . .      Spirit   .   j - +1 scale mail
rPois   .          Reflect  .   (helmet restricted)
rElec   +          Harm     .   (no cloak)
rCorr   .          Rampage  .   K - +0 pair of gloves
Will    +....      Rage     20% (no boots)
Stlth   ..........              g - amulet of regeneration
HPRegen 1.12/turn               v - ring of flight
MPRegen 0.11/turn               E - +4 ring of protection

@: berserking, lethally poisoned (-1 -> -7), flying, very quick
A: horns 2, retaliatory headbutt
a: Renounce Religion, Berserk, Trog's Hand, Brothers in Arms


You were on level 8 of the Dungeon.
You worshipped Trog.
Trog was extremely pleased with you.
You visited 3 branches of the dungeon, and saw 11 of its levels.
You also visited: Sewer.

You collected 548 gold pieces.

Inventory:

Hand Weapons
 i - a +3 battleaxe
 t - the +0 spear of Wehidy (weapon) {spect, rElec Will+ Int+3 Stlth+}
   (You found it on level 3 of the Dungeon)

   When its wielder attacks, the weapon's spirit leaps out and strikes again.
   The spirit shares a part of any damage it takes with its wielder.
   Int:       It affects your intelligence (+3).
   rElec:     It insulates you from electricity.
   Will:      It increases your willpower.
   Stlth:     It makes you more stealthy.
 u - a +4 falchion
 I - a +0 broad axe
Missiles
 a - a throwing net (quivered)
Armour
 j - a +1 scale mail (worn)
 H - a +0 buckler
 K - a +0 pair of gloves (worn)
 L - an orb of wrath (worn)
Jewellery
 d - an amulet of guardian spirit
 g - an amulet of regeneration (around neck)
 m - a ring of positive energy
 v - a ring of flight (left hand)
 D - a ring of protection from cold
 E - a +4 ring of protection (right hand)
 M - a ring of magical power
Wands
 p - a wand of mindburst (11)
 r - a wand of flame (16)
Scrolls
 b - a scroll of brand weapon {unknown}
 c - 7 scrolls of teleportation
 h - a scroll of enchant armour
 l - 2 scrolls of summoning
 q - a scroll of blinking {unknown}
 x - 7 scrolls of fear
 y - 6 scrolls of fog
 G - 2 scrolls of enchant weapon {unknown}
 N - a scroll of immolation {unknown}
Potions
 e - 2 potions of resistance {unknown}
 f - 2 potions of might {unknown}
 k - a potion of degeneration {unknown}
 n - 3 potions of heal wounds {unknown}
 o - a potion of berserk rage {unknown}
 s - 5 potions of attraction {unknown}
 w - 3 potions of mutation {unknown}
 z - 3 potions of cancellation
 A - 3 potions of brilliance {unknown}
 B - 5 potions of flight
 C - 2 potions of lignification {unknown}
 F - 2 potions of haste {unknown}
 J - a potion of magic {unknown}


   Skills:
 + Level 7.8 Fighting
 + Level 5.5(8.2) Axes
 + Level 2.7(4.5) Maces & Flails
 + Level 8.9(9.6) Polearms
 + Level 10.7 Armour
 + Level 6.3 Dodging
 + Level 3.6 Stealth
 + Level 1.5 Shields


You had 9 spell levels left.
You didn't know any spells.
Your spell library contained the following spells:

 Spells                   Type           Power      Damage    Failure   Level
 Corpse Rot               Necr/Air       0%         N/A       80%         2
 Dispel Undead            Necr           0%         3d6       100%        4
 Death Channel            Necr           0%         N/A       100%        6


Dungeon Overview and Level Annotations

Branches:
Dungeon (9/15)             Temple (1/1) D:7            Lair (1/6) D:8
  Sewer (visited)
    Orc: D:9-12

Altars:
Ashenzari
Cheibriados
Dithmenos
Elyvilon
Fedhas
Gozag
Hepliaklqana
Kikubaaqudgha
Makhleb
Nemelex Xobeh
Okawaru
Qazlal
Ru
Sif Muna
Trog
Uskayaw
Vehumet
Wu Jian
Xom
Yredelemnul
Zin
The Shining One

Shops:
D:3 [   D:9 (


Innate Abilities, Weirdness & Mutations

You have a pair of horns on your head.
You reflexively headbutt those who attack you in melee.


Message History

Trog accepts your kill.
You feel sick.
Unknown command.
Okay, then.
What are your orders? t - Shout!
Anything else - Cancel.
Okay, then.
You feel very sick. The cane toad stings you!
* * * LOW HITPOINT WARNING * * *
The yak barely misses you. The yak closely misses you.
You see here a yak corpse.
Okay, then.
You are too berserk!
You are too berserk!
You puncture the yak! Your headbutt misses the yak.
The yak is lightly wounded.
Your +0 spear of Wehidy {spect, rElec Will+ Int+3 Stlth+} hits the yak!
Your surroundings suddenly seem different.
* * * LOW HITPOINT WARNING * * *
You feel sick.
There is a lethal amount of poison in your body!
There is a lethal amount of poison in your body!
There is a lethal amount of poison in your body!
There is a lethal amount of poison in your body!
You are too berserk!
You are too berserk!
You are too berserk!
You are too berserk!
You are too berserk!
You are too berserk!
You are too berserk!
* * * LOW HITPOINT WARNING * * *
You feel very sick.
You are too berserk!
You feel a strong urge to attack something.
* * * LOW HITPOINT WARNING * * *
You feel sick.
You are too berserk!
You die...

.###.###.#..............<##.##...
...................###...[.......
.#.#.###.#.....###.###..###.##...
.#...............................
.#.#.###.......##................
.........#..............###.##...
.#.#...........##..###.####.##...
.#.#.###.......##)...............
.#.............(@......####..#..#
..).....[......[[[...............
.)>)...........##........[.......
..##.##.......###......####......
..##.##..#....##...##).# #......
..##.##..#....##...##.)####......
..##.##..#....#.......)).........
..##.##..#.#..##...##............
.........#.#..##...##..###..#....


There were no monsters in sight!

Vanquished Creatures
  Sigmund (D:4)
  6 yaks (D:8)
  A wyvern (D:8)
  Edmund (D:4)
  An acid dragon (D:8)
  A water moccasin (D:7)
  2 black bears
  An ice beast (D:5)
  An orc warrior (D:8)
  A sky beast (D:6)
  A necrophage (D:8)
  A hornet zombie (D:8)
  3 ogres
  2 phantoms
  7 bullfrogs
  A kobold brigand (D:8)
  2 scorpions
  A water moccasin zombie (D:5)
  4 wyvern zombies
  8 wights
  A howler monkey (D:5)
  A jelly (D:5)
  3 hounds
  2 orc priests
  A gnoll shaman (D:8)
  Ijyb (D:3)
  Natasha (thrice) (D:4)
  6 iguanas
  9 orc wizards
  A hound skeleton (D:4)
  14 adders
  19 gnolls
  5 river rats (Sewer)
  A shadow imp (D:7)
  A white imp (D:7)
  An ufetubus (D:5)
  3 worms (D:4)
  A dart slug (D:3)
  21 orcs
  18 ball pythons
  8 bats
  13 endoplasms
  2 giant cockroaches
  8 goblins
  11 hobgoblins
  6 jackals
  3 quokkas
  3 training dummies (D:9)
  4 frilled lizards
  12 kobolds
  23 rats
251 creatures vanquished.

Vanquished Creatures (others)
  An orc wizard (D:8)
1 creature vanquished.

Grand Total: 252 creatures vanquished

Notes
Turn   | Place    | Note
-------+----------+-------------------------------------------
     0 | D:1      | cbfl8 the Minotaur Berserker began the quest for the Orb.
     0 | D:1      | Reached XP level 1. HP: 19/19 MP: 0/0
   244 | D:1      | Reached XP level 2. HP: 25/27 MP: 1/1
   292 | D:1      | Found a faded altar of an unknown god.
   644 | D:1      | Reached XP level 3. HP: 16/33 MP: 0/2
   883 | D:1      | Reached ** piety under Trog
  1600 | D:2      | Reached skill level 5 in Axes
  1604 | D:2      | Reached XP level 4. HP: 33/41 MP: 0/3
  2323 | D:3      | Found Noipax's Armour Emporium.
  2661 | D:3      | Reached skill level 3 in Armour
  2879 | D:3      | Noticed Ijyb
  3493 | D:3      | Found an opulent altar of Gozag.
  3553 | D:3      | Killed Ijyb
  3554 | D:3      | Reached XP level 5. HP: 5/47 MP: 1/4
  4114 | D:3      | Identified the +0 spear of Wehidy {spect, rElec Will+ Int+3
                  | Stlth+}
  4379 | D:4      | Reached skill level 1 in Maces & Flails
  4418 | D:4      | Reached skill level 4 in Armour
  4418 | D:4      | Reached XP level 6. HP: 44/55 MP: 5/5
  4828 | D:4      | Noticed Natasha
  4833 | D:4      | Killed Natasha
  4834 | D:4      | Reached skill level 5 in Fighting
  4934 | D:4      | Reached skill level 5 in Armour
  4976 | D:4      | Found a glowing drain.
  4976 | D:4      | Noticed Natasha
  4991 | Sewer    | Entered a sewer
  5282 | Sewer    | Reached skill level 1 in Stealth
  5284 | Sewer    | Reached XP level 7. HP: 40/61 MP: 4/6
  5559 | Sewer    | Reached skill level 1 in Polearms
  5663 | Sewer    | Reached *** piety under Trog
  5775 | Sewer    | Reached skill level 6 in Armour
  5909 | D:4      | Killed Natasha
  5933 | D:4      | Noticed Natasha
  5942 | D:4      | Killed Natasha
  6269 | D:4      | Noticed Sigmund
  6269 | D:4      | Noticed Edmund
  6281 | D:4      | Killed Edmund
  6287 | D:4      | Killed Sigmund
  6288 | D:4      | Reached skill level 7 in Armour
  6288 | D:4      | Reached XP level 8. HP: 41/70 MP: 5/7
  6406 | D:5      | Entered Level 5 of the Dungeon
  6715 | D:5      | Reached skill level 8 in Armour
  6755 | D:5      | Reached **** piety under Trog
  6965 | D:5      | Reached skill level 5 in Dodging
  7378 | D:5      | Reached skill level 5 in Polearms
  7491 | D:6      | Reached XP level 9. HP: 69/78 MP: 8/8
  7942 | D:6      | Reached skill level 9 in Armour
  8408 | D:7      | You are sucked into a shaft and drop 2 floors!
  8441 | D:9      | Found Olecadd's Firing Range.
  8496 | D:8      | Reached skill level 1 in Shields
  8574 | D:8      | Found a staircase to the Lair.
  8638 | D:7      | Found a staircase to the Ecumenical Temple.
  8654 | D:7      | Reached ***** piety under Trog
  8693 | Temple   | Entered the Ecumenical Temple
 10386 | D:8      | Reached skill level 10 in Armour
 10386 | D:8      | Reached XP level 10. HP: 64/86 MP: 9/9
 10393 | D:8      | HP: 4/86 [yak (4)]
 11407 | Lair:1   | Entered Level 1 of the Lair of Beasts
 11407 | Lair:1   | Noticed a cane toad
 11420 | D:8      | HP: 5/132 [poisoned by a cane toad]
 11422 | D:8      | HP: 1/132 [poisoned by a cane toad]
 11423 | D:8      | Succumbed to a cane toad's poison

Illustrated notes

Levels and vault maps discovered:
D:1:      dpeg_arrival_chambers_temple_mockup, layout_basic,
          hellmonk_ecumenical_altar_dog_temple
D:2:      layout_basic
D:3:      layout_basic, mainiacjoe_overflow_alcove_1, serial_shops, shop,
          uniq_ijyb
D:4:      layout_rooms, cheibrodos_sewer_entry_sluice, sigmund_edmund_badplayer,
          uniq_natasha
D:5:      corexii_shantytown, layout_basic, kennysheep_opposing_triangles
D:6:      layout_cave_pods
D:7:      layout_basic, minmay_temple_entry_hall, serial_rivers,
          chequers_serial_rivers_micro_b, chequers_serial_rivers_micro_a,
          chequers_serial_rivers_micro_c, chequers_serial_rivers_small_b,
          chequers_serial_rivers_large_a
D:8:      layout_basic, lair_entry_dummy
D:9:      layout_rooms, special_room [special_room_bee],
          nicolae_shop_firing_range
Temple:   nicolae_temple_the_god_donut
Lair:1:   layout_cave_pods, hellmonk_ghost_happy_afterlife

Skill      XL: |  1  2  3  4  5  6  7  8  9 |
---------------+----------------------------+-----
Axes           | 4 5 |  5.5
Fighting       | 4 5 6 7 |  7.8
Armour         | 3 4 5 7 8 10 | 10.7
Maces & Flails | 1 2 |  2.7
Dodging        | 3 4 5 6 |  6.3
Stealth        | 1 2 3 |  3.6
Polearms       | 3 5 8 |  8.9
Shields        | 1 |  1.5

Action                   |  1- 3 |  4- 6 |  7- 9 | 10-12 || total
-------------------------+-------+-------+-------+-------++-------
Melee: Hand axe          |    66 |     2 |       |       ||    68
       Headbutt          |    13 |    20 |    53 |    17 ||   103
       Flail             |       |    44 |       |       ||    44
       Spear             |       |    51 |   311 |    62 ||   424
       Punch             |       |       |     2 |       ||     2
Invok: Berserk           |     1 |     3 |     2 |       ||     6
       Trog's Hand       |       |     1 |     1 |       ||     2
  Use: Scroll            |       |     6 |     5 |     2 ||    13
       Potion            |       |       |       |     9 ||     9
 Stab: Sleeping          |       |       |     3 |       ||     3
       Distracted        |       |       |     2 |     1 ||     3
Armor: Animal skin       |     5 |       |       |       ||     5
       Scale mail        |     3 |    58 |   136 |    51 ||   248
Dodge: Dodged            |    48 |   103 |   185 |    69 ||   405
Block: Buckler           |       |       |    14 |       ||    14
